Harfangs vs Carnivores

Created - March 9, 2021 at 21:29

Goals
1 2 3 OT1 T
Harfangs 0 3 1 1 5
Carnivores 1 0 3 0 4
Shots
1 2 3 OT1 T
Harfangs 6 16 9 3 34
Carnivores 13 12 7 3 35

1st period

1. Carnivores , Anton Gustafsson 23 (Nicolas Deslauriers 16, Chris Lawrence 37) at 3:56

Penalties :
Morgan Klimchuk (BEA) for Holding (Minor) at 4:55, Mark Alt (BEA) for Tripping (Minor) at 9:57, Andreas Englund (Bre) for Holding Stick (Minor) at 14:01

2nd period

2. Harfangs , Tomas Kubalik 31 (Calle Jarnkrok 30, Michael Bournival 48) at 2:06 (PP)
3. Harfangs , Michael Bournival 32 (Calle Jarnkrok 31, Tomas Kubalik 35) at 14:03
4. Harfangs , Tomas Kubalik 32 (Ivan Provorov 12, Michael Bournival 49) at 16:45

Penalties :
T.J Brodie (Bre) for Interference (Minor) at 1:36, Nicolas Kerdiles (Bre) for Roughing (Minor) at 2:21, Morgan Klimchuk (BEA) for Holding (Minor) at 8:31, Michael Bournival (BEA) for Hooking (Minor) at 17:20

3rd period

5. Carnivores , Mark McNeill 15 (Andreas Englund 8, Christian Djoos 3) at 10:06 (SH)
6. Harfangs , Sven Andrighetto 8 (Brenden Kichton 3) at 14:38
7. Carnivores , Joel Armia 19 (Nicolas Kerdiles 45, Travis Dermott 20) at 16:49
8. Carnivores , Nicolas Kerdiles 39 (Anton Gustafsson 24) at 18:47 (SH)

Penalties :
Ivan Provorov (BEA) for Tripping (Minor) at 1:36, Brandon McMillan (BEA) for Roughing (Minor) at 5:52, Trevor Van Riemsdyk (Bre) for Hooking (Minor) at 8:40, Tyler Brenner (BEA) for High sticking (Minor) at 11:59, Mark McNeill (Bre) for Roughing (Minor) at 18:30

Overtime #1

9. Harfangs , Tyler Brenner 21 (Calle Jarnkrok 32, Jake Dotchin 15) at 4:05

Penalties :
No Penalty

Goalie Stats

Zachary Fucale (BEA), 31 saves from 35 shots - (0.886), W, 4-3-0, 64:05 minutes
Niklas Svedberg (Bre), 29 saves from 34 shots - (0.853), OTL, 24-7-3, 64:05 minutes

Players Stats for Harfangs

Player Name              G  A  P  +/- PIM S  H  SB GA TA FO     MP     PP MP  PK MP  
------------------------------------------------------------------------------------
Blake Heinrich           0  0  0   1  0   1  0  2  0  1  0/0    10:05   0:00   1:28 
Brandon McMillan         0  0  0  -1  2   2  1  2  2  0  0/0    13:27   2:55   0:00 
Brenden Kichton          0  1  1   1  0   0  0  1  0  1  0/0     8:37   0:00   0:00 
Calle Jarnkrok           0  3  3   0  0   4  1  0  0  1  10/33  22:33   4:55   4:16 
Cristoval Nieves         0  0  0   0  0   2  1  0  1  0  0/2     6:40   0:00   1:16 
David Kampf              0  0  0   0  0   0  0  0  0  0  1/1     1:10   0:06   0:14 
Devon Teows              0  0  0  -1  0   0  1  0  0  0  0/0     3:03   0:00   0:15 
Erik Nystrom             0  0  0   0  0   1  0  1  0  0  0/0     6:01   0:00   0:37 
Ivan Provorov            0  1  1   1  2   1  1  1  0  0  0/0    21:23   2:24   4:28 
Jake Dotchin             0  1  1  -1  0   0  1  1  0  0  0/0    30:18   5:32   8:27 
JC Lipon                 0  0  0   0  0   0  0  0  0  0  0/0     0:20   0:06   0:00 
Laurent Dauphin          0  0  0   0  0   0  1  0  0  0  0/1     3:39   0:00   3:13 
Lucas Wallmarkk          0  0  0   0  0   1  2  0  0  0  0/0     0:56   0:06   0:00 
Mark Alt                 0  0  0   1  2   1  0  1  0  0  0/0    22:04   2:24   4:41 
Michael Bournival        1  2  3  -1  2   4  2  0  0  1  5/11   25:57   4:55   6:12 
Morgan Klimchuk          0  0  0   1  4   1  3  0  0  0  0/0    11:20   0:00   1:31 
Nick Shore               0  0  0   1  0   1  1  0  0  0  3/7     8:57   0:00   0:00 
Nick Sorensen            0  0  0   0  0   0  0  0  0  0  0/0     5:24   0:00   0:00 
Reid McNeill             0  0  0  -1  0   2  3  0  0  0  0/0    30:18   5:32   8:27 
Rinat Valiev             0  0  0  -1  0   0  0  0  0  0  0/0     2:45   0:00   0:00 
Ryan Hartman             0  0  0  -1  0   1  0  1  0  0  0/1    13:27   2:55   0:00 
Sven Andrighetto         1  0  1   1  0   1  1  1  0  1  0/0     8:57   0:00   0:00 
Tomas Kubalik            2  1  3  -1  0   6  2  0  1  2  1/2    26:54   4:55   7:08 
Tyler Brenner            1  0  1   0  2   5  2  1  0  0  6/13   18:05   2:55   3:19 

Players Stats for Carnivores

Player Name              G  A  P  +/- PIM S  H  SB GA TA FO     MP     PP MP  PK MP  
------------------------------------------------------------------------------------
Andreas Englund          0  1  1   0  2   0  0  0  0  1  0/0    22:17   6:46   2:42 
Anton Gustafsson         1  1  2   1  0   4  1  1  0  0  14/23  16:42   0:00   5:56 
Blake Geoffrion          0  0  0   0  0   0  3  0  1  0  0/0    14:50   5:46   0:04 
Brett Connolly           0  0  0  -1  0   3  1  0  0  0  0/0     7:03   0:00   0:00 
Carl Dahlstrom           0  0  0   1  0   0  0  0  0  0  0/0     4:38   0:00   0:00 
Chris Lawrence           0  1  1   0  0   0  1  0  0  0  0/0    16:06   5:46   0:00 
Christian Djoos          0  1  1   0  0   0  1  1  0  0  0/0    11:37   0:15   3:21 
Hunter Shinkaruk         0  0  0  -1  0   4  0  0  2  0  1/1     7:38   0:00   0:35 
Joel Armia               1  0  1   0  0   2  1  0  0  0  1/4    20:17   8:07   0:00 
Lucas Wallmark           0  0  0  -1  0   1  0  0  0  0  3/5     8:14   0:11   0:00 
Mark McNeill             1  0  1   1  2   4  0  0  1  0  0/0    12:11   0:00   1:49 
Markus Granlund          0  0  0   1  0   2  1  1  0  0  6/9    16:41   5:46   1:10 
Mat Clark                0  0  0   0  0   0  0  0  0  0  0/0     0:23   0:00   0:00 
Mattias Backman          0  0  0  -1  0   1  2  4  0  2  0/0    29:17   7:07   5:05 
Nicolas Deslauriers      0  1  1   0  0   4  1  0  1  0  0/0    11:03   0:00   1:38 
Nicolas Kerdiles         1  1  2   0  2   4  2  0  0  0  1/2    26:13   8:07   4:13 
Riley Barber             0  0  0   0  0   0  0  0  0  0  0/0     0:00   0:00   0:00 
Scott Laughton           0  0  0  -1  0   2  2  1  1  0  19/27  22:26   7:56   0:57 
T.J Brodie               0  0  0   1  2   3  0  0  1  1  0/0    32:48   6:52   4:35 
Travis Dermott           0  1  1   0  0   1  0  0  0  0  0/0    20:11   6:46   1:09 
Trevor Van Riemsdyk      0  0  0  -1  2   0  1  0  0  0  0/0     7:14   0:00   0:00 

3 Stars

1 - Tomas Kubalik (BEA)
2 - Anton Gustafsson (Bre)
3 - Calle Jarnkrok (BEA)

Power Play

Harfangs - 1 on 5 Attempt(s) - 20.00%
Carnivores - 0 on 7 Attempt(s) - 0.00%

Penalty Kill

Harfangs - 7 on 7 Attempt(s) - 100.00% - Score 0 goal in Penalty Kill
Carnivores - 4 on 5 Attempt(s) - 80.00% - Score 2 goal in Penalty Kill

Team Stat

Harfangs - Hits : 23 - Faceoff Wins : 26 - Blocked Shots : 12 - Penalty Minutes : 14
Carnivores - Hits : 17 - Faceoff Wins : 45 - Blocked Shots : 8 - Penalty Minutes : 10

Official

Referees : Unknown
Linesman : Unknown

Game Notes

No Game Note

Finance

Level 1 -- Attendance: 1456 (72.80%) -- Ticket Income $58,240
Level 2 -- Attendance: 632 (63.20%) -- Ticket Income $12,640
Total Attendance: 2088 (69.60%)
Total Ticket Income: $70,880
Other Income: $3,544
Total Income: $74,424

Harfangs

5 vs 5 Forward 
   Center                   Left Wing                Right Wing               Time % Phy DF OF 
 1 Calle Jarnkrok           Michael Bournival        Tomas Kubalik            40     1   2  2  
 2 Tyler Brenner            Brandon McMillan         Ryan Hartman             30     1   2  2  
 3 Nick Shore               Morgan Klimchuk          Sven Andrighetto         20     1   2  2  
 4 Cristoval Nieves         Erik Nystrom             Nick Sorensen            10     1   2  2  

5 vs 5 Defense 
   Defense                  Defense                                           Time % Phy DF OF 
 1 Reid McNeill             Jake Dotchin                                      40     1   2  2  
 2 Mark Alt                 Ivan Provorov                                     30     1   2  2  
 3 Brenden Kichton          Blake Heinrich                                    20     1   2  2  
 4 Devon Teows              Rinat Valiev                                      10     1   2  2  

PowerPlay Forward 
   Center                   Left Wing                Right Wing               Time % Phy DF OF 
 1 Calle Jarnkrok           Michael Bournival        Tomas Kubalik            60     1   2  2  
 2 Tyler Brenner            Brandon McMillan         Ryan Hartman             40     1   2  2  

PowerPlay Defense
   Defense                  Defense                                           Time % Phy DF OF 
 1 Reid McNeill             Jake Dotchin                                      60     1   2  2  
 2 Mark Alt                 Ivan Provorov                                     40     1   2  2  

Penalty Kill 4 Players Forward 
   Center                   Wing                     Time % Phy DF OF 
 1 Michael Bournival        Tomas Kubalik            60     1   2  2  
 2 Calle Jarnkrok           Tyler Brenner            40     1   2  2  

Penalty Kill 4 Players Defense
   Defense                  Defense                  Time % Phy DF OF 
 1 Reid McNeill             Jake Dotchin             60     1   2  2  
 2 Mark Alt                 Ivan Provorov            40     1   2  2  

Penalty Kill - 3 Players Forward 
   Forward                                           Time % Phy DF OF 
 1 Michael Bournival                                 60     1   2  2  
 2 Tomas Kubalik                                     40     1   2  2  

Penalty Kill - 3 Players Defense
   Defense                  Defense                  Time % Phy DF OF 
 1 Reid McNeill             Jake Dotchin             60     1   2  2  
 2 Mark Alt                 Ivan Provorov            40     1   2  2  

4 vs 4 Forward 
   Center                   Wing                     Time % Phy DF OF 
 1 Michael Bournival        Tomas Kubalik            60     1   2  2  
 2 Calle Jarnkrok           Tyler Brenner            40     1   2  2  

4 vs 4 Defense
   Defense                  Defense                  Time % Phy DF OF 
 1 Reid McNeill             Jake Dotchin             60     1   2  2  
 2 Mark Alt                 Ivan Provorov            40     1   2  2  

Last Minutes Offensive
   Center                   Left Wing                Right Wing               Defense                  Defense                  
   Calle Jarnkrok           Michael Bournival        Tomas Kubalik            Reid McNeill             Jake Dotchin             

Last Minutes Defensive
   Center                   Left Wing                Right Wing               Defense                  Defense                  
   Calle Jarnkrok           Michael Bournival        Tomas Kubalik            Reid McNeill             Jake Dotchin             

Goaltenders
Starting : Zachary Fucale           
Backup : Anton Forsberg           

Extra Forwards
Normal : Lucas Wallmarkk, David Kampf, Laurent Dauphin - PP : Lucas Wallmarkk, David Kampf - PK : Laurent Dauphin
Extra Defensemen
Normal : Brenden Kichton, Blake Heinrich, Devon Teows - PP : Brenden Kichton - PK : Blake Heinrich, Devon Teows
Penalty Shots
Michael Bournival, Tomas Kubalik, Calle Jarnkrok, Tyler Brenner, Ryan Hartman

Scratches
A.J. Greer (Healthy), Cooper Marody (Healthy), Brendan Leipsic (Back Spasms Injury), Justin Kirkland (Healthy), Anthony Angello (Healthy)
Jason Kasdorf (Healthy), Scott Wedgewood (Healthy)

Carnivores

5 vs 5 Forward 
   Center                   Left Wing                Right Wing               Time % Phy DF OF 
 1 Scott Laughton           Nicolas Kerdiles         Joel Armia               40     1   2  2  
 2 Markus Granlund          Blake Geoffrion          Chris Lawrence           30     1   2  2  
 3 Anton Gustafsson         Nicolas Deslauriers      Mark McNeill             20     1   2  2  
 4 Lucas Wallmark           Hunter Shinkaruk         Brett Connolly           10     1   2  2  

5 vs 5 Defense 
   Defense                  Defense                                           Time % Phy DF OF 
 1 T.J Brodie               Mattias Backman                                   40     1   2  2  
 2 Andreas Englund          Travis Dermott                                    30     1   2  2  
 3 Christian Djoos          Trevor Van Riemsdyk                               20     1   2  2  
 4 Carl Dahlstrom           T.J Brodie                                        10     1   2  2  

PowerPlay Forward 
   Center                   Left Wing                Right Wing               Time % Phy DF OF 
 1 Scott Laughton           Nicolas Kerdiles         Joel Armia               60     1   2  2  
 2 Markus Granlund          Blake Geoffrion          Chris Lawrence           40     1   2  2  

PowerPlay Defense
   Defense                  Defense                                           Time % Phy DF OF 
 1 T.J Brodie               Mattias Backman                                   60     1   2  2  
 2 Andreas Englund          Travis Dermott                                    40     1   2  2  

Penalty Kill 4 Players Forward 
   Center                   Wing                     Time % Phy DF OF 
 1 Anton Gustafsson         Nicolas Kerdiles         60     1   2  2  
 2 Markus Granlund          Mark McNeill             40     1   2  2  

Penalty Kill 4 Players Defense
   Defense                  Defense                  Time % Phy DF OF 
 1 T.J Brodie               Mattias Backman          60     1   2  2  
 2 Andreas Englund          Christian Djoos          40     1   2  2  

Penalty Kill - 3 Players Forward 
   Forward                                           Time % Phy DF OF 
 1 Anton Gustafsson                                  60     1   2  2  
 2 Chris Lawrence                                    40     1   2  2  

Penalty Kill - 3 Players Defense
   Defense                  Defense                  Time % Phy DF OF 
 1 T.J Brodie               Mattias Backman          60     1   2  2  
 2 Andreas Englund          Christian Djoos          40     1   2  2  

4 vs 4 Forward 
   Center                   Wing                     Time % Phy DF OF 
 1 Anton Gustafsson         Chris Lawrence           60     1   2  2  
 2 Scott Laughton           Nicolas Kerdiles         40     1   2  2  

4 vs 4 Defense
   Defense                  Defense                  Time % Phy DF OF 
 1 T.J Brodie               Travis Dermott           60     1   2  2  
 2 Andreas Englund          Mattias Backman          40     1   2  2  

Last Minutes Offensive
   Center                   Left Wing                Right Wing               Defense                  Defense                  
   Anton Gustafsson         Nicolas Kerdiles         Chris Lawrence           T.J Brodie               Travis Dermott           

Last Minutes Defensive
   Center                   Left Wing                Right Wing               Defense                  Defense                  
   Anton Gustafsson         Nicolas Kerdiles         Mark McNeill             T.J Brodie               Mattias Backman          

Goaltenders
Starting : Niklas Svedberg          
Backup : Tristan Jarry            

Extra Forwards
Normal : Lucas Wallmark, Markus Granlund, Mark McNeill - PP : Lucas Wallmark, Markus Granlund - PK : Mark McNeill
Extra Defensemen
Normal : Christian Djoos, Andreas Englund, Travis Dermott - PP : Christian Djoos - PK : Andreas Englund, Travis Dermott
Penalty Shots
Anton Gustafsson, Chris Lawrence, Markus Granlund, Scott Laughton, Joel Armia

Scratches
Ryan Olsen (Healthy), Freddie Hamilton (Healthy), Adam Almquist (Healthy), Filip Chlapik (Healthy), Stanislav Galiev (Healthy)
Mark MacMillan (Healthy), Troy Bourke (Healthy), Alexandre Mallet (Healthy), Josh Morrissey (Sprained Left Knee Injury), Josh Wesley (Healthy)
Linus Ullmark (Healthy), Felix Sanstrom (Healthy)

% Time on Ice - Harfangs

Lines # - Real PCT - Wanted PCT - Time Play
Normal Forward
1 - 35% - 40% - 13:14
2 - 28% - 30% - 10:36
3 - 23% - 20% - 8:57
4 - 14% - 10% - 5:24
Normal Defense
1 - 37% - 40% - 14:13
2 - 34% - 30% - 13:06
3 - 21% - 20% - 8:07
4 - 7% - 10% - 2:45
PP Forward
1 - 63% - 60% - 5:01
2 - 37% - 40% - 2:55
PP Defense
1 - 70% - 60% - 5:32
2 - 30% - 40% - 2:24
PK Forward
1 - 69% - 60% - 9:37
2 - 31% - 40% - 4:16
PK Defense
1 - 61% - 60% - 8:27
2 - 39% - 40% - 5:26
PK3 Forward
1 - 0% - 60%
2 - 0% - 40%
PK3 Defense
1 - 0% - 60%
2 - 0% - 40%
44 Forward
1 - 69% - 60% - 2:49
2 - 31% - 40% - 1:16
44 Defense
1 - 64% - 60% - 2:36
2 - 36% - 40% - 1:29
Last Minute Offensive  - 0:00
Last Minute Defensive  - 0:00
Total
Forward - 64:05
Defense - 64:05

% Time on Ice - Carnivores

Lines # - Real PCT - Wanted PCT - Time Play
Normal Forward
1 - 32% - 40% - 12:16
2 - 25% - 30% - 9:27
3 - 25% - 20% - 9:25
4 - 18% - 10% - 7:03
Normal Defense
1 - 40% - 40% - 15:22
2 - 29% - 30% - 11:02
3 - 19% - 20% - 7:09
4 - 12% - 10% - 4:38
PP Forward
1 - 58% - 60% - 8:07
2 - 42% - 40% - 5:46
PP Defense
1 - 51% - 60% - 7:07
2 - 49% - 40% - 6:46
PK Forward
1 - 85% - 60% - 6:46
2 - 15% - 40% - 1:10
PK Defense
1 - 58% - 60% - 4:35
2 - 42% - 40% - 3:21
PK3 Forward
1 - 100% - 60% - 0:30
2 - 0% - 40% - 0:00
PK3 Defense
1 - 100% - 60% - 0:30
2 - 0% - 40% - 0:00
44 Forward
1 - 61% - 60% - 2:12
2 - 39% - 40% - 1:23
44 Defense
1 - 50% - 60% - 1:47
2 - 50% - 40% - 1:48
Last Minute Offensive  - 0:00
Last Minute Defensive  - 0:00
Total
Forward - 64:05
Defense - 64:05

Play-by-Play

1st period


0:01 of 1st period - Scott Laughton wins face-off versus Calle Jarnkrok in neutral zone.
0:27 of 1st period - Icing by Calle Jarnkrok.
0:28 of 1st period - Tyler Brenner wins face-off versus Markus Granlund in Harfangs zone.
0:54 of 1st period - Snap shot by Hunter Shinkaruk.
0:54 of 1st period - Shot Misses the Net.
0:56 of 1st period - Slapshot by Christian Djoos.
0:56 of 1st period - Deflect By Hunter Shinkaruk.
0:56 of 1st period - Shot Misses the Net.
0:56 of 1st period - Puck is out of play.
0:57 of 1st period - Nick Shore wins face-off versus Lucas Wallmark in Harfangs zone.
1:12 of 1st period - Slapshot by Nick Shore.
1:12 of 1st period - Shot Blocked by Christian Djoos.
1:24 of 1st period - Cristoval Nieves is hit by Anton Gustafsson.
1:32 of 1st period - Slapshot by Nicolas Deslauriers.
1:32 of 1st period - Shot Blocked by Mark Alt.
1:54 of 1st period - Wrist shot by Michael Bournival.
1:54 of 1st period - Stopped by Niklas Svedberg with a rebound.
1:56 of 1st period - Slapshot by Mark Alt.
1:56 of 1st period - Stopped by Niklas Svedberg with a rebound.
2:11 of 1st period - Snap shot by Chris Lawrence.
2:11 of 1st period - Shot Blocked by Blake Heinrich.
2:13 of 1st period - Snap shot by Markus Granlund.
2:13 of 1st period - Shot Blocked by Ryan Hartman.
2:55 of 1st period - Andreas Englund is hit by Michael Bournival and loses puck.
3:54 of 1st period - Snap shot by Nicolas Deslauriers.
3:54 of 1st period - Stopped by Zachary Fucale with a rebound.
3:56 of 1st period - Slapshot by Anton Gustafsson.
3:56 of 1st period - Goal by Anton Gustafsson - Harfangs : 0 - Carnivores : 1.
3:57 of 1st period - Calle Jarnkrok wins face-off versus Scott Laughton in neutral zone.
4:28 of 1st period - Snap shot by Tyler Brenner.
4:28 of 1st period - Shot Misses the Net.
4:32 of 1st period - Snap shot by Tyler Brenner.
4:32 of 1st period - Shot Blocked by Markus Granlund.
4:55 of 1st period - Minor Penalty to Morgan Klimchuk for Holding.
4:56 of 1st period - Scott Laughton wins face-off versus Michael Bournival in Harfangs zone.
6:38 of 1st period - Nicolas Kerdiles is hit by Laurent Dauphin and loses puck.
6:55 of 1st period - Penalty to Morgan Klimchuk is over, Morgan Klimchuk is back on ice.
7:05 of 1st period - Andreas Englund is hit by Nick Shore and loses puck.
7:12 of 1st period - Snap shot by Anton Gustafsson.
7:12 of 1st period - Shot Misses the Net.
7:43 of 1st period - Off-side.
7:44 of 1st period - Anton Gustafsson wins face-off versus Tyler Brenner in neutral zone.
7:57 of 1st period - Slapshot by Mark McNeill.
7:57 of 1st period - Stopped by Zachary Fucale with a rebound.
8:07 of 1st period - Michael Bournival is hit by Blake Geoffrion and loses puck.
8:22 of 1st period - Chris Lawrence is hit by Devon Teows.
8:32 of 1st period - Jake Dotchin is hit by Joel Armia and loses puck.
9:16 of 1st period - Off-side.
9:17 of 1st period - Anton Gustafsson wins face-off versus Cristoval Nieves in neutral zone.
9:22 of 1st period - Wrist shot by Nicolas Deslauriers.
9:22 of 1st period - Stopped by Zachary Fucale with a rebound.
9:57 of 1st period - Minor Penalty to Mark Alt for Tripping.
9:58 of 1st period - Scott Laughton wins face-off versus Michael Bournival in Harfangs zone.
11:28 of 1st period - Icing by Scott Laughton.
11:29 of 1st period - Michael Bournival wins face-off versus Scott Laughton in Carnivores zone.
11:54 of 1st period - Jake Dotchin is hit by Blake Geoffrion and loses puck.
11:57 of 1st period - Penalty to Mark Alt is over, Mark Alt is back on ice.
12:26 of 1st period - Icing by Ryan Hartman.
12:27 of 1st period - Anton Gustafsson wins face-off versus Tyler Brenner in Harfangs zone.
12:38 of 1st period - Snap shot by Mark McNeill.
12:38 of 1st period - Deflect By Tyler Brenner.
12:38 of 1st period - Stopped by Zachary Fucale without a rebound.
12:39 of 1st period - Tyler Brenner wins face-off versus Joel Armia in Harfangs zone.
12:45 of 1st period - Off-side.
12:46 of 1st period - Scott Laughton wins face-off versus Tyler Brenner in neutral zone.
12:48 of 1st period - Off-side.
12:49 of 1st period - Tyler Brenner wins face-off versus Scott Laughton in neutral zone.
13:28 of 1st period - Snap shot by Tyler Brenner.
13:28 of 1st period - Stopped by Niklas Svedberg with a rebound.
13:30 of 1st period - Slapshot by Ivan Provorov.
13:30 of 1st period - Shot Blocked by Scott Laughton.
13:32 of 1st period - Wrist shot by Ryan Hartman.
13:32 of 1st period - Shot Misses the Net.
13:34 of 1st period - Slapshot by Ivan Provorov.
13:34 of 1st period - Stopped by Niklas Svedberg with a rebound.
13:36 of 1st period - Slapshot by Mark Alt.
13:36 of 1st period - Shot Misses the Net.
13:50 of 1st period - Slapshot by Tyler Brenner.
13:50 of 1st period - Stopped by Niklas Svedberg without a rebound.
13:51 of 1st period - Markus Granlund wins face-off versus Calle Jarnkrok in Carnivores zone.
14:01 of 1st period - Minor Penalty to Andreas Englund for Holding Stick.
14:02 of 1st period - Calle Jarnkrok wins face-off versus Anton Gustafsson in Carnivores zone.
14:18 of 1st period - Wrist shot by Michael Bournival.
14:18 of 1st period - Shot Blocked by Mattias Backman.
14:33 of 1st period - Wrist shot by Nicolas Kerdiles.
14:33 of 1st period - Deflect By Anton Gustafsson.
14:33 of 1st period - Stopped by Zachary Fucale without a rebound.
14:34 of 1st period - Anton Gustafsson wins face-off versus Calle Jarnkrok in Harfangs zone.
14:43 of 1st period - Anton Gustafsson is hit by Michael Bournival and loses puck.
16:01 of 1st period - Penalty to Andreas Englund is over, Andreas Englund is back on ice.
16:28 of 1st period - Slapshot by Brett Connolly.
16:28 of 1st period - Stopped by Zachary Fucale with a rebound.
16:38 of 1st period - Wrist shot by Cristoval Nieves.
16:38 of 1st period - Shot Blocked by Mattias Backman.
17:23 of 1st period - Blake Geoffrion is hit by Morgan Klimchuk and loses puck.
17:42 of 1st period - Slapshot by T.J Brodie.
17:42 of 1st period - Stopped by Zachary Fucale with a rebound.
17:44 of 1st period - Snap shot by Joel Armia.
17:44 of 1st period - Stopped by Zachary Fucale with a rebound.
17:46 of 1st period - Backhand shot by Nicolas Kerdiles.
17:46 of 1st period - Deflect By Jake Dotchin.
17:46 of 1st period - Stopped by Zachary Fucale with a rebound.
17:53 of 1st period - Icing by Nick Sorensen.
17:54 of 1st period - Anton Gustafsson wins face-off versus Cristoval Nieves in Harfangs zone.
17:55 of 1st period - Slapshot by Nicolas Deslauriers.
17:55 of 1st period - Stopped by Zachary Fucale without a rebound.
17:56 of 1st period - Markus Granlund wins face-off versus Calle Jarnkrok in Harfangs zone.
17:59 of 1st period - Slapshot by Markus Granlund.
17:59 of 1st period - Stopped by Zachary Fucale with a rebound.
18:21 of 1st period - Joel Armia is hit by Tyler Brenner.
18:29 of 1st period - Snap shot by Nicolas Kerdiles.
18:29 of 1st period - Stopped by Zachary Fucale with a rebound.
19:01 of 1st period - Mark Alt is hit by Trevor Van Riemsdyk.
19:11 of 1st period - Wrist shot by Blake Geoffrion.
19:11 of 1st period - Deflect By Chris Lawrence.
19:11 of 1st period - Shot Misses the Net.
19:11 of 1st period - Puck is out of play.
19:12 of 1st period - Scott Laughton wins face-off versus Calle Jarnkrok in Harfangs zone.
19:25 of 1st period - Slapshot by Scott Laughton.
19:25 of 1st period - Shot Misses the Net.
19:37 of 1st period - Andreas Englund is hit by Brandon McMillan and loses puck.
19:56 of 1st period - Wrist shot by Morgan Klimchuk.
19:56 of 1st period - Stopped by Niklas Svedberg with a rebound.
Goals for this period are 0 for Harfangs vs 1 for Carnivores.
Shots for this period are 6 for Harfangs vs 13 for Carnivores.

2nd period


0:01 of 2nd period - Scott Laughton wins face-off versus Calle Jarnkrok in neutral zone.
0:57 of 2nd period - Wrist shot by Mark McNeill.
0:57 of 2nd period - Stopped by Zachary Fucale without a rebound.
0:58 of 2nd period - Scott Laughton wins face-off versus Calle Jarnkrok in Harfangs zone.
1:28 of 2nd period - Ryan Hartman is hit by Blake Geoffrion and loses puck.
1:36 of 2nd period - Minor Penalty to T.J Brodie for Interference.
1:37 of 2nd period - Calle Jarnkrok wins face-off versus Anton Gustafsson in Carnivores zone.
1:46 of 2nd period - Slapshot by Michael Bournival.
1:46 of 2nd period - Shot Blocked by Anton Gustafsson.
1:48 of 2nd period - Snap shot by Calle Jarnkrok.
1:48 of 2nd period - Deflect By Anton Gustafsson.
1:48 of 2nd period - Shot Misses the Net.
1:48 of 2nd period - Puck is out of play.
1:49 of 2nd period - Anton Gustafsson wins face-off versus Calle Jarnkrok in Carnivores zone.
1:56 of 2nd period - Snap shot by Tomas Kubalik.
1:56 of 2nd period - Stopped by Niklas Svedberg with a rebound.
2:00 of 2nd period - Snap shot by Calle Jarnkrok.
2:00 of 2nd period - Stopped by Niklas Svedberg without a rebound.
2:01 of 2nd period - Calle Jarnkrok wins face-off versus Nicolas Kerdiles in Carnivores zone.
2:04 of 2nd period - Wrist shot by Calle Jarnkrok.
2:04 of 2nd period - Stopped by Niklas Svedberg with a rebound.
2:06 of 2nd period - Slapshot by Tomas Kubalik.
2:06 of 2nd period - Goal by Tomas Kubalik - Harfangs : 1 - Carnivores : 1.
2:07 of 2nd period - Calle Jarnkrok wins face-off versus Scott Laughton in neutral zone.
2:21 of 2nd period - Minor Penalty to Nicolas Kerdiles for Roughing.
2:22 of 2nd period - Anton Gustafsson wins face-off versus Calle Jarnkrok in Carnivores zone.
2:22 of 2nd period - Anton Gustafsson is hit by Tomas Kubalik.
2:37 of 2nd period - Slapshot by Michael Bournival.
2:37 of 2nd period - Shot Misses the Net.
3:51 of 2nd period - Reid McNeill is hit by Mattias Backman and loses puck.
4:21 of 2nd period - Penalty to Nicolas Kerdiles is over, Nicolas Kerdiles is back on ice.
4:29 of 2nd period - Snap shot by Markus Granlund.
4:29 of 2nd period - Stopped by Zachary Fucale with a rebound.
5:12 of 2nd period - Scott Laughton is hit by Cristoval Nieves.
5:13 of 2nd period - Icing by Scott Laughton.
5:14 of 2nd period - Nick Shore wins face-off versus Scott Laughton in Carnivores zone.
5:35 of 2nd period - Snap shot by Nicolas Kerdiles.
5:35 of 2nd period - Stopped by Zachary Fucale with a rebound.
6:07 of 2nd period - Backhand shot by Nicolas Deslauriers.
6:07 of 2nd period - Shot Blocked by Brandon McMillan.
6:27 of 2nd period - Morgan Klimchuk is hit by Markus Granlund and loses puck.
6:40 of 2nd period - Backhand shot by Tomas Kubalik.
6:40 of 2nd period - Deflect By Michael Bournival.
6:40 of 2nd period - Stopped by Niklas Svedberg with a rebound.
6:42 of 2nd period - Snap shot by Jake Dotchin.
6:42 of 2nd period - Deflect By Michael Bournival.
6:42 of 2nd period - Shot Misses the Net.
6:42 of 2nd period - Puck is out of play.
6:43 of 2nd period - Calle Jarnkrok wins face-off versus Anton Gustafsson in Carnivores zone.
7:00 of 2nd period - Snap shot by Michael Bournival.
7:00 of 2nd period - Shot Misses the Net.
7:19 of 2nd period - Icing by Blake Heinrich.
7:20 of 2nd period - Scott Laughton wins face-off versus Tyler Brenner in Harfangs zone.
7:37 of 2nd period - Tyler Brenner is hit by Scott Laughton and loses puck.
7:52 of 2nd period - Wrist shot by Chris Lawrence.
7:52 of 2nd period - Shot Misses the Net.
8:12 of 2nd period - Snap shot by Hunter Shinkaruk.
8:12 of 2nd period - Stopped by Zachary Fucale without a rebound.
8:13 of 2nd period - Hunter Shinkaruk wins face-off versus Nick Shore in Harfangs zone.
8:22 of 2nd period - Slapshot by T.J Brodie.
8:22 of 2nd period - Stopped by Zachary Fucale with a rebound.
8:31 of 2nd period - Minor Penalty to Morgan Klimchuk for Holding.
8:32 of 2nd period - Scott Laughton wins face-off versus Tomas Kubalik in Harfangs zone.
10:31 of 2nd period - Penalty to Morgan Klimchuk is over, Morgan Klimchuk is back on ice.
10:49 of 2nd period - Wrist shot by Tomas Kubalik.
10:49 of 2nd period - Shot Misses the Net.
11:01 of 2nd period - Anton Gustafsson is hit by Ivan Provorov.
11:13 of 2nd period - Snap shot by Tyler Brenner.
11:13 of 2nd period - Stopped by Niklas Svedberg with a rebound.
11:31 of 2nd period - Slapshot by Erik Nystrom.
11:31 of 2nd period - Shot Misses the Net.
11:33 of 2nd period - Snap shot by Blake Heinrich.
11:33 of 2nd period - Stopped by Niklas Svedberg with a rebound.
11:47 of 2nd period - Snap shot by Hunter Shinkaruk.
11:47 of 2nd period - Deflect By Morgan Klimchuk.
11:47 of 2nd period - Shot Blocked by Blake Heinrich.
11:47 of 2nd period - Puck is out of play.
11:48 of 2nd period - Lucas Wallmark wins face-off versus Tyler Brenner in Harfangs zone.
11:51 of 2nd period - Snap shot by Lucas Wallmark.
11:51 of 2nd period - Stopped by Zachary Fucale with a rebound.
11:55 of 2nd period - Snap shot by Hunter Shinkaruk.
11:55 of 2nd period - Stopped by Zachary Fucale with a rebound.
12:08 of 2nd period - Slapshot by Brett Connolly.
12:08 of 2nd period - Stopped by Zachary Fucale with a rebound.
12:10 of 2nd period - Slapshot by Christian Djoos.
12:10 of 2nd period - Shot Misses the Net.
12:12 of 2nd period - Slapshot by Brett Connolly.
12:12 of 2nd period - Shot Blocked by Brandon McMillan.
12:22 of 2nd period - Snap shot by Brett Connolly.
12:22 of 2nd period - Stopped by Zachary Fucale with a rebound.
12:26 of 2nd period - Slapshot by Hunter Shinkaruk.
12:26 of 2nd period - Deflect By Reid McNeill.
12:26 of 2nd period - Stopped by Zachary Fucale without a rebound.
12:27 of 2nd period - Markus Granlund wins face-off versus Calle Jarnkrok in Harfangs zone.
12:36 of 2nd period - Wrist shot by Chris Lawrence.
12:36 of 2nd period - Shot Misses the Net.
12:52 of 2nd period - Ivan Provorov is hit by Nicolas Deslauriers and loses puck.
12:57 of 2nd period - Wrist shot by Nicolas Deslauriers.
12:57 of 2nd period - Stopped by Zachary Fucale with a rebound.
13:05 of 2nd period - Wrist shot by Anton Gustafsson.
13:05 of 2nd period - Stopped by Zachary Fucale with a rebound.
13:21 of 2nd period - Slapshot by Cristoval Nieves.
13:21 of 2nd period - Stopped by Niklas Svedberg with a rebound.
13:23 of 2nd period - Slapshot by Erik Nystrom.
13:23 of 2nd period - Stopped by Niklas Svedberg with a rebound.
13:37 of 2nd period - Snap shot by Michael Bournival.
13:37 of 2nd period - Deflect By Tomas Kubalik.
13:37 of 2nd period - Shot Misses the Net.
13:37 of 2nd period - Puck is out of play.
13:38 of 2nd period - Lucas Wallmark wins face-off versus Calle Jarnkrok in Carnivores zone.
13:49 of 2nd period - Snap shot by Michael Bournival.
13:49 of 2nd period - Shot Misses the Net.
13:53 of 2nd period - Snap shot by Michael Bournival.
13:53 of 2nd period - Shot Misses the Net.
14:03 of 2nd period - Snap shot by Michael Bournival.
14:03 of 2nd period - Goal by Michael Bournival - Harfangs : 2 - Carnivores : 1.
14:04 of 2nd period - Calle Jarnkrok wins face-off versus Scott Laughton in neutral zone.
14:13 of 2nd period - Slapshot by Tomas Kubalik.
14:13 of 2nd period - Stopped by Niklas Svedberg without a rebound.
14:14 of 2nd period - Calle Jarnkrok wins face-off versus Joel Armia in Carnivores zone.
14:19 of 2nd period - Wrist shot by Michael Bournival.
14:19 of 2nd period - Shot Misses the Net.
14:21 of 2nd period - Slapshot by Reid McNeill.
14:21 of 2nd period - Shot Blocked by Mattias Backman.
14:41 of 2nd period - Nicolas Kerdiles is hit by Calle Jarnkrok and loses puck.
14:48 of 2nd period - Snap shot by Calle Jarnkrok.
14:48 of 2nd period - Shot Misses the Net.
14:50 of 2nd period - Wrist shot by Calle Jarnkrok.
14:50 of 2nd period - Stopped by Niklas Svedberg without a rebound.
14:51 of 2nd period - Tyler Brenner wins face-off versus Markus Granlund in Carnivores zone.
14:52 of 2nd period - Wrist shot by Brandon McMillan.
14:52 of 2nd period - Stopped by Niklas Svedberg without a rebound.
14:53 of 2nd period - Markus Granlund wins face-off versus Tyler Brenner in Carnivores zone.
15:25 of 2nd period - Wrist shot by Calle Jarnkrok.
15:25 of 2nd period - Shot Misses the Net.
15:49 of 2nd period - Off-side.
15:50 of 2nd period - Joel Armia wins face-off versus Calle Jarnkrok in neutral zone.
15:59 of 2nd period - Slapshot by Tomas Kubalik.
15:59 of 2nd period - Stopped by Niklas Svedberg without a rebound.
16:00 of 2nd period - Scott Laughton wins face-off versus Calle Jarnkrok in Carnivores zone.
16:39 of 2nd period - Snap shot by Tomas Kubalik.
16:39 of 2nd period - Shot Misses the Net.
16:41 of 2nd period - Snap shot by Ivan Provorov.
16:41 of 2nd period - Shot Hit the Post.
16:43 of 2nd period - Wrist shot by Ivan Provorov.
16:43 of 2nd period - Shot Misses the Net.
16:45 of 2nd period - Snap shot by Tomas Kubalik.
16:45 of 2nd period - Goal by Tomas Kubalik - Harfangs : 3 - Carnivores : 1.
16:46 of 2nd period - Markus Granlund wins face-off versus Tyler Brenner in neutral zone.
16:57 of 2nd period - Wrist shot by Ryan Hartman.
16:57 of 2nd period - Stopped by Niklas Svedberg without a rebound.
16:58 of 2nd period - Scott Laughton wins face-off versus Calle Jarnkrok in Carnivores zone.
17:03 of 2nd period - Nicolas Kerdiles is hit by Tomas Kubalik and loses puck.
17:20 of 2nd period - Minor Penalty to Michael Bournival for Hooking.
17:21 of 2nd period - Scott Laughton wins face-off versus Laurent Dauphin in Harfangs zone.
17:46 of 2nd period - Blake Geoffrion is hit by Reid McNeill and loses puck.
19:07 of 2nd period - Icing by Chris Lawrence.
19:08 of 2nd period - David Kampf wins face-off versus Markus Granlund in Carnivores zone.
19:11 of 2nd period - Snap shot by Morgan Klimchuk.
19:11 of 2nd period - Shot Misses the Net.
19:20 of 2nd period - Penalty to Michael Bournival is over, Michael Bournival is back on ice.
19:27 of 2nd period - Blake Heinrich is hit by Nicolas Kerdiles and loses puck.
Goals for this period are 3 for Harfangs vs 0 for Carnivores.
Shots for this period are 16 for Harfangs vs 12 for Carnivores.

3rd period


0:01 of 3rd period - Scott Laughton wins face-off versus Calle Jarnkrok in neutral zone.
0:04 of 3rd period - Tomas Kubalik is hit by Mattias Backman.
0:47 of 3rd period - Nicolas Deslauriers is hit by Sven Andrighetto and loses puck.
0:54 of 3rd period - Slapshot by Nick Shore.
0:54 of 3rd period - Shot Misses the Net.
0:56 of 3rd period - Snap shot by Reid McNeill.
0:56 of 3rd period - Stopped by Niklas Svedberg with a rebound.
1:15 of 3rd period - Snap shot by Cristoval Nieves.
1:15 of 3rd period - Stopped by Niklas Svedberg with a rebound.
1:31 of 3rd period - Snap shot by Joel Armia.
1:31 of 3rd period - Deflect By Scott Laughton.
1:31 of 3rd period - Stopped by Zachary Fucale without a rebound.
1:32 of 3rd period - Scott Laughton wins face-off versus Michael Bournival in Harfangs zone.
1:36 of 3rd period - Minor Penalty to Ivan Provorov for Tripping.
1:37 of 3rd period - Nicolas Kerdiles wins face-off versus Michael Bournival in Harfangs zone.
2:11 of 3rd period - Reid McNeill is hit by Chris Lawrence and loses puck.
2:44 of 3rd period - Markus Granlund is hit by Tyler Brenner and loses puck.
3:36 of 3rd period - Penalty to Ivan Provorov is over, Ivan Provorov is back on ice.
4:48 of 3rd period - Icing by Lucas Wallmark.
4:49 of 3rd period - Lucas Wallmark wins face-off versus Nick Shore in Carnivores zone.
5:16 of 3rd period - Snap shot by Markus Granlund.
5:16 of 3rd period - Shot Misses the Net.
5:52 of 3rd period - Minor Penalty to Brandon McMillan for Roughing.
5:53 of 3rd period - Michael Bournival wins face-off versus Joel Armia in Harfangs zone.
7:52 of 3rd period - Penalty to Brandon McMillan is over, Brandon McMillan is back on ice.
8:21 of 3rd period - Slapshot by Mattias Backman.
8:21 of 3rd period - Shot Blocked by Erik Nystrom.
8:23 of 3rd period - Wrist shot by Hunter Shinkaruk.
8:23 of 3rd period - Stopped by Zachary Fucale without a rebound.
8:24 of 3rd period - Tyler Brenner wins face-off versus Lucas Wallmark in Harfangs zone.
8:24 of 3rd period - Tyler Brenner is hit by Christian Djoos.
8:38 of 3rd period - Backhand shot by Brandon McMillan.
8:38 of 3rd period - Stopped by Niklas Svedberg with a rebound.
8:40 of 3rd period - Minor Penalty to Trevor Van Riemsdyk for Hooking.
8:41 of 3rd period - Anton Gustafsson wins face-off versus Calle Jarnkrok in Carnivores zone.
8:53 of 3rd period - Off-side.
8:54 of 3rd period - Anton Gustafsson wins face-off versus Calle Jarnkrok in neutral zone.
8:57 of 3rd period - Calle Jarnkrok is hit by Nicolas Kerdiles and loses puck.
10:06 of 3rd period - Slapshot by Andreas Englund.
10:06 of 3rd period - Deflect By Mark McNeill.
10:06 of 3rd period - Goal by Mark McNeill - Harfangs : 3 - Carnivores : 2.
10:07 of 3rd period - Anton Gustafsson wins face-off versus Calle Jarnkrok in neutral zone.
10:18 of 3rd period - Snap shot by Tomas Kubalik.
10:18 of 3rd period - Stopped by Niklas Svedberg with a rebound.
10:20 of 3rd period - Slapshot by Michael Bournival.
10:20 of 3rd period - Stopped by Niklas Svedberg with a rebound.
10:22 of 3rd period - Wrist shot by Jake Dotchin.
10:22 of 3rd period - Shot Misses the Net.
10:32 of 3rd period - Nicolas Kerdiles is hit by Jake Dotchin and loses puck.
10:40 of 3rd period - Penalty to Trevor Van Riemsdyk is over, Trevor Van Riemsdyk is back on ice.
10:59 of 3rd period - Snap shot by Chris Lawrence.
10:59 of 3rd period - Shot Blocked by Sven Andrighetto.
11:30 of 3rd period - Icing by Brett Connolly.
11:31 of 3rd period - Scott Laughton wins face-off versus Calle Jarnkrok in Carnivores zone.
11:51 of 3rd period - Icing by Tomas Kubalik.
11:52 of 3rd period - Markus Granlund wins face-off versus Ryan Hartman in Harfangs zone.
11:57 of 3rd period - Slapshot by Blake Geoffrion.
11:57 of 3rd period - Shot Misses the Net.
11:59 of 3rd period - Minor Penalty to Tyler Brenner for High sticking.
12:00 of 3rd period - Scott Laughton wins face-off versus Michael Bournival in Harfangs zone.
12:03 of 3rd period - Slapshot by Scott Laughton.
12:03 of 3rd period - Shot Misses the Net.
12:05 of 3rd period - Slapshot by Travis Dermott.
12:05 of 3rd period - Stopped by Zachary Fucale without a rebound.
12:06 of 3rd period - Michael Bournival wins face-off versus Scott Laughton in Harfangs zone.
13:59 of 3rd period - Penalty to Tyler Brenner is over, Tyler Brenner is back on ice.
14:32 of 3rd period - Snap shot by Lucas Wallmark.
14:32 of 3rd period - Shot Blocked by Brenden Kichton.
14:38 of 3rd period - Snap shot by Sven Andrighetto.
14:38 of 3rd period - Goal by Sven Andrighetto - Harfangs : 4 - Carnivores : 2.
14:39 of 3rd period - Scott Laughton wins face-off versus Calle Jarnkrok in neutral zone.
15:34 of 3rd period - Off-side.
15:35 of 3rd period - Calle Jarnkrok wins face-off versus Anton Gustafsson in neutral zone.
15:38 of 3rd period - Wrist shot by Michael Bournival.
15:38 of 3rd period - Shot Misses the Net.
15:57 of 3rd period - Icing by T.J Brodie.
15:58 of 3rd period - Nick Shore wins face-off versus Scott Laughton in Carnivores zone.
16:05 of 3rd period - Snap shot by Nick Shore.
16:05 of 3rd period - Stopped by Niklas Svedberg without a rebound.
16:06 of 3rd period - Anton Gustafsson wins face-off versus Nick Shore in Carnivores zone.
16:06 of 3rd period - Anton Gustafsson is hit by Morgan Klimchuk.
16:18 of 3rd period - Wrist shot by Anton Gustafsson.
16:18 of 3rd period - Stopped by Zachary Fucale with a rebound.
16:33 of 3rd period - Off-side.
16:34 of 3rd period - Scott Laughton wins face-off versus Calle Jarnkrok in neutral zone.
16:49 of 3rd period - Wrist shot by Joel Armia.
16:49 of 3rd period - Goal by Joel Armia - Harfangs : 4 - Carnivores : 3.
16:50 of 3rd period - Anton Gustafsson wins face-off versus Nick Shore in neutral zone.
18:03 of 3rd period - Michael Bournival is hit by Brett Connolly.
18:07 of 3rd period - Slapshot by Travis Dermott.
18:07 of 3rd period - Shot Blocked by Ivan Provorov.
18:30 of 3rd period - Minor Penalty to Mark McNeill for Roughing.
18:31 of 3rd period - Anton Gustafsson wins face-off versus Calle Jarnkrok in Carnivores zone.
18:31 of 3rd period - Anton Gustafsson is hit by Reid McNeill.
18:37 of 3rd period - Icing by Jake Dotchin.
18:38 of 3rd period - Tomas Kubalik wins face-off versus Anton Gustafsson in Harfangs zone.
18:47 of 3rd period - Snap shot by Nicolas Kerdiles.
18:47 of 3rd period - Goal by Nicolas Kerdiles - Harfangs : 4 - Carnivores : 4.
18:48 of 3rd period - Calle Jarnkrok wins face-off versus Anton Gustafsson in neutral zone.
19:26 of 3rd period - Snap shot by Michael Bournival.
19:26 of 3rd period - Shot Misses the Net.
19:28 of 3rd period - Wrist shot by Tomas Kubalik.
19:28 of 3rd period - Shot Misses the Net.
19:30 of 3rd period - Wrist shot by Calle Jarnkrok.
19:30 of 3rd period - Stopped by Niklas Svedberg with a rebound.
19:32 of 3rd period - Slapshot by Reid McNeill.
19:32 of 3rd period - Deflect By Mattias Backman.
19:32 of 3rd period - Stopped by Niklas Svedberg with a rebound.
19:34 of 3rd period - Slapshot by Jake Dotchin.
19:34 of 3rd period - Deflect By Calle Jarnkrok.
19:34 of 3rd period - Shot Misses the Net.
19:34 of 3rd period - Puck is out of play.
19:35 of 3rd period - Tyler Brenner wins face-off versus Anton Gustafsson in Carnivores zone.
Goals for this period are 1 for Harfangs vs 3 for Carnivores.
Shots for this period are 9 for Harfangs vs 7 for Carnivores.

Overtime #1


0:01 of 1st overtime period - Michael Bournival wins face-off versus Anton Gustafsson in neutral zone.
0:05 of 1st overtime period - Slapshot by Jake Dotchin.
0:05 of 1st overtime period - Shot Blocked by Mattias Backman.
0:30 of 1st overtime period - Penalty to Mark McNeill is over, Mark McNeill is back on ice.
0:43 of 1st overtime period - Snap shot by Mark McNeill.
0:43 of 1st overtime period - Shot Blocked by Jake Dotchin.
0:45 of 1st overtime period - Slapshot by Mattias Backman.
0:45 of 1st overtime period - Stopped by Zachary Fucale with a rebound.
0:47 of 1st overtime period - Slapshot by T.J Brodie.
0:47 of 1st overtime period - Stopped by Zachary Fucale without a rebound.
0:48 of 1st overtime period - Michael Bournival wins face-off versus Anton Gustafsson in Harfangs zone.
1:28 of 1st overtime period - Scott Laughton is hit by Lucas Wallmarkk and loses puck.
1:59 of 1st overtime period - Lucas Wallmark is hit by Morgan Klimchuk and loses puck.
2:24 of 1st overtime period - Ivan Provorov is hit by Scott Laughton and loses puck.
2:49 of 1st overtime period - Chris Lawrence is hit by Reid McNeill and loses puck.
3:06 of 1st overtime period - Chris Lawrence is hit by Lucas Wallmarkk and loses puck.
3:13 of 1st overtime period - Wrist shot by Lucas Wallmarkk.
3:13 of 1st overtime period - Stopped by Niklas Svedberg without a rebound.
3:14 of 1st overtime period - Anton Gustafsson wins face-off versus Michael Bournival in Carnivores zone.
3:37 of 1st overtime period - Snap shot by Scott Laughton.
3:37 of 1st overtime period - Stopped by Zachary Fucale without a rebound.
3:38 of 1st overtime period - Scott Laughton wins face-off versus Calle Jarnkrok in Harfangs zone.
3:41 of 1st overtime period - Snap shot by Nicolas Kerdiles.
3:41 of 1st overtime period - Shot Blocked by Tyler Brenner.
3:49 of 1st overtime period - Slapshot by Tyler Brenner.
3:49 of 1st overtime period - Stopped by Niklas Svedberg with a rebound.
4:05 of 1st overtime period - Slapshot by Tyler Brenner.
4:05 of 1st overtime period - Goal by Tyler Brenner - Harfangs : 5 - Carnivores : 4.
Goals for this period are 1 for Harfangs vs 0 for Carnivores.
Shots for this period are 3 for Harfangs vs 3 for Carnivores.